 Dungeon Crawl Stone Soup version 0.17.1-2-g5865329 (webtiles) character file.

9282 Moresty the Fighter (level 11, 0/102 HPs)
             Began as a Minotaur Berserker on Jan 8, 2016.
             Was a High Priest of Trog.
             Slain by a ten-headed hydra (6 damage)
             ... on level 11 of the Dungeon on Jan 10, 2016.
             The game lasted 00:43:24 (10528 turns).

Moresty the Fighter (Minotaur Berserker)           Turns: 10528, Time: 00:43:24

Health: 0/102      AC: 15    Str: 25    XL:     11   Next: 21%
Magic:  3/3        EV: 16    Int:  4    God:    Trog [*****.]
Gold:   648        SH:  0    Dex: 13    Spells: 0 memorised, 10 levels left

rFire  . . .     SeeInvis .     G - +2 lajatang (antimagic)
rCold  . . .     Clarity  .     I - +0 chain mail
rNeg   . . .     SustAt   .     (shield currently unavailable)
rPois  .         Gourm    .     (helmet restricted)
rElec  .         Spirit   .     (no cloak)
rCorr  .         Warding  .     b - +2 pair of gloves {Dex+3}
rMut   .         Stasis   .     (no boots)
MR     .....                    (no amulet)
Stlth  ..........               (no ring)
                                U - +3 ring of evasion

@: not resistant to hostile enchantments, extremely unstealthy
A: retaliatory headbutt, horns 2
a: Berserk, Trog's Hand, Brothers in Arms, Burn Spellbooks, Renounce Religion


You were on level 11 of the Dungeon.
You worshipped Trog.
Trog was extremely pleased with you.
You were very hungry.

You visited 1 branch of the dungeon, and saw 11 of its levels.

You collected 804 gold pieces.
You spent 156 gold pieces at shops.

Inventory:

Hand Weapons
 D - a +2 war axe of draining
 G - a +2 antimagic lajatang (weapon)
Missiles
 i - 179 arrows
 k - 273 stones (quivered)
 v - 20 poisoned sling bullets
Armour
 b - a +2 pair of gloves of dexterity (worn)
 g - a +0 plate armour
 t - a +0 pair of gloves
 F - a +0 chain mail
 I - a +0 chain mail (worn)
Magical Staves
 r - an uncursed staff of energy {unknown}
Jewellery
 m - a +2 ring of evasion
 U - a +3 ring of evasion (left hand)
Scrolls
 e - 2 scrolls of fear {unknown}
 f - 2 scrolls of amnesia {unknown}
 l - 7 scrolls of teleportation {unknown}
 n - 8 scrolls of identify
 q - 5 scrolls of remove curse
 s - a scroll of blinking {unknown}
 u - a scroll of immolation {unknown}
 y - 3 scrolls of fog {unknown}
 z - 4 scrolls of enchant weapon {unknown}
 K - 2 scrolls of recharging {unknown}
 M - a scroll of random uselessness {unknown}
 O - a scroll of acquirement {unknown}
 P - 3 scrolls of magic mapping {unknown}
Potions
 a - a potion of heal wounds {unknown}
 d - 8 potions of curing
 h - 3 potions of agility
 o - a potion of invisibility {unknown}
 p - 2 potions of might {unknown}
 w - 3 potions of flight {unknown}
 C - 3 potions of ambrosia {unknown}
 H - 3 potions of haste {unknown}
 L - 2 potions of brilliance {unknown}
 Q - a potion of cure mutation {unknown}
 R - a potion of mutation {unknown}
 X - a potion of poison {unknown}
Books
 j - a book of Flames

   Spells                             Type                      Level
   a - Flame Tongue                   Conjuration/Fire             1
   b - Throw Flame                    Conjuration/Fire             2
   c - Conjure Flame                  Conjuration/Fire             3
   d - Inner Flame                    Hexes/Fire                   3
   e - Sticky Flame                   Conjuration/Fire             4
   f - Fireball                       Conjuration/Fire             5
   Trog disapproves of the use of such an item.
 J - a Grand Grimoire

   Spells                             Type                      Level
   a - Monstrous Menagerie            Summoning                    6
   b - Summon Greater Demon           Summoning                    7
   c - Malign Gateway                 Summoning/Translocation      7
   d - Summon Horrible Things         Summoning                    8
   Trog disapproves of the use of such an item.
 S - a book of Debilitation

   Spells                             Type                      Level
   a - Corona                         Hexes                        1
   b - Slow                           Hexes                        2
   c - Gell's Gravitas                Hexes/Translocation          3
   d - Inner Flame                    Hexes/Fire                   3
   e - Cause Fear                     Hexes                        4
   f - Leda's Liquefaction            Hexes/Earth                  4
   Trog disapproves of the use of such an item.
 Z - a book of Geomancy

   Spells                             Type                      Level
   a - Sandblast                      Earth                        1
   b - Stoneskin                      Transmutation/Earth          2
   c - Passwall                       Transmutation/Earth          3
   d - Stone Arrow                    Conjuration/Earth            3
   e - Petrify                        Transmutation/Earth          4
   f - Lee's Rapid Deconstruction     Earth                        5
   Trog disapproves of the use of such an item.
Miscellaneous
 E - a stone of tremors
Comestibles
 c - 10 bread rations
 x - 2 royal jellies
 A - a slice of pizza
 B - a fruit
 V - 2 meat rations


   Skills:
 + Level 11.1 Fighting
 + Level 9.9(10.6) Axes
   Level 6.1(9.3) Maces & Flails
 + Level 4.6(6.1) Staves
 + Level 9.9 Armour
 + Level 8.7 Dodging
 + Level 1.7 Stealth


You had 10 spell levels left.
You didn't know any spells.

Dungeon Overview and Level Annotations

Branches:
Dungeon (11/15)            Temple (0/1) D:6            Lair (0/8) D:8
    Orc: D:9-12

Altars:
Ashenzari
Dithmenos
Elyvilon
Fedhas
Gozag
Okawaru
Sif Muna
Trog
Xom
Yredelemnul
The Shining One
Jiyva

Shops:
D:8 *


Innate Abilities, Weirdness & Mutations

You reflexively headbutt those who attack you in melee.
You have a pair of horns on your head.


Message History

The nine-headed hydra bites you but does no damage. x3
The nine-headed hydra barely misses you.
The nine-headed hydra closely misses you.
The nine-headed hydra bites you but does no damage.
You lop one of the nine-headed hydra's heads off!
The eight-headed hydra grows two more!
You slash the ten-headed hydra!
Your headbutt misses the ten-headed hydra.
The ten-headed hydra is moderately wounded.
The ten-headed hydra bites you but does no damage.
The ten-headed hydra bites you!
* * * LOW HITPOINT WARNING * * *
The ten-headed hydra barely misses you. The ten-headed hydra misses you.
The ten-headed hydra barely misses you. The ten-headed hydra bites you!
* * * LOW HITPOINT WARNING * * *
The ten-headed hydra barely misses you. x2
The ten-headed hydra bites you.
* * * LOW HITPOINT WARNING * * *
The ten-headed hydra bites you but does no damage.
The ten-headed hydra bites you.
You die...

#...
#..#......#
##.#......#
#.#......#
#........#
##.......#
#.####+##
#..# ##.#
#@## #D.#
##T# ...#
##..# ....
?#... .
..>. ##
.#...


You could see a ten-headed hydra and a troll.

Vanquished Creatures
  Sonja (D:10)
  Maurice (D:10)
  2 trolls
  A spriggan (D:7)
  2 hippogriffs
  2 deep elf magi
  6 yaks (D:9)
  Grum (D:10)
  A hungry ghost (D:10)
  A mottled dragon (D:11)
  4 wolves (D:10)
  2 wargs (D:8)
  2 sky beasts
  2 ice beasts
  6 orc warriors
  2 black bears
  2 centaurs
  An eye of draining (D:9)
  4 ogres
  A big kobold (D:9)
  6 giant frogs
  A crocodile (D:10)
  6 scorpions
  7 killer bees
  10 wights
  A quasit (D:9)
  2 centaur zombies
  4 centaur skeletons
  6 crimson imps
  15 orc wizards
  2 giant frog skeletons
  6 hounds
  4 jellies
  4 orc priests
  8 worker ants
  2 iguanas
  A hound skeleton (D:4)
  A worker ant zombie (D:5)
  2 gnolls (D:6)
  16 adders
  2 shadow imps
  An ooze (D:9)
  An adder zombie (D:8)
  2 worms (D:2)
  30 orcs
  3 ball pythons
  9 giant cockroaches
  5 goblins
  5 hobgoblins
  7 kobolds
  4 quokkas
  5 bats
  10 giant geckos
  4 giant newts
  2 goblin zombies (D:4)
  A hobgoblin zombie (D:4)
  14 jackals
  2 kobold skeletons (D:4)
  A kobold zombie (D:4)
  2 orc skeletons (D:4)
  An orc zombie (D:4)
  A quokka zombie (D:8)
  7 rats
  2 plants (D:8)
269 creatures vanquished.

Notes
Turn   | Place    | Note
--------------------------------------------------------------
     0 | D:1      | Moresty the Minotaur Berserker began the quest for the Orb.
     0 | D:1      | Reached XP level 1. HP: 19/19 MP: 0/0
   440 | D:1      | Reached XP level 2. HP: 24/27 MP: 1/1
   647 | D:1      | Reached skill level 4 in Fighting
   862 | D:2      | Reached XP level 3. HP: 33/33 MP: 2/2
   891 | D:2      | Reached ** piety under Trog
  1212 | D:2      | Found a deep blue altar of Sif Muna.
  1396 | D:2      | Found a white marble altar of Elyvilon.
  1400 | D:2      | Found an iron altar of Okawaru.
  1462 | D:2      | Reached XP level 4. HP: 36/41 MP: 3/3
  2131 | D:3      | Reached skill level 5 in Fighting
  2138 | D:3      | Reached XP level 5. HP: 21/48 MP: 4/4
  2585 | D:4      | Noticed an ogre
  2592 | D:4      | Killed an ogre
  2602 | D:4      | Reached skill level 5 in Maces & Flails
  2847 | D:4      | Reached XP level 6. HP: 54/56 MP: 5/5
  2859 | D:4      | Reached *** piety under Trog
  2880 | D:4      | Found a bloodstained altar of Trog.
  3110 | D:4      | Found a glowing golden altar of the Shining One.
  3430 | D:5      | Entered Level 5 of the Dungeon
  3435 | D:5      | Reached skill level 6 in Fighting
  3494 | D:5      | Reached skill level 5 in Dodging
  3494 | D:5      | Reached XP level 7. HP: 22/63 MP: 6/6
  3654 | D:5      | Reached skill level 1 in Stealth
  3828 | D:5      | Found a shadowy altar of Dithmenos.
  3942 | D:5      | Found a basalt altar of Yredelemnul.
  4040 | D:5      | Reached skill level 1 in Axes
  4052 | D:5      | Noticed a deep elf mage
  4059 | D:5      | Killed a deep elf mage
  4059 | D:5      | Reached skill level 7 in Fighting
  4059 | D:5      | Reached XP level 8. HP: 50/73 MP: 7/7
  4515 | D:6      | Reached **** piety under Trog
  4581 | D:6      | Upgraded the game from 0.17.1-1-g73c8601 to 0.17.1-2-g5865329
  4830 | D:6      | Found a shimmering altar of Xom.
  4988 | D:6      | Found a staircase to the Ecumenical Temple.
  5171 | D:7      | Reached skill level 5 in Armour
  5217 | D:7      | Found a shattered altar of Ashenzari.
  5234 | D:7      | Reached skill level 8 in Fighting
  5480 | D:7      | Reached skill level 5 in Axes
  5554 | D:7      | Reached XP level 9. HP: 81/81 MP: 8/8
  6207 | D:8      | Found a staircase to the Lair.
  6322 | D:8      | Reached skill level 9 in Fighting
  6986 | D:8      | Found Wymia's General Store.
  7001 | D:8      | Bought a +0 scimitar of electrocution for 156 gold pieces
  7079 | D:8      | Reached ***** piety under Trog
  7112 | D:8      | Found a basalt altar of Yredelemnul.
  7199 | D:8      | Found an opulent altar of Gozag.
  7511 | D:9      | Found a viscous altar of Jiyva.
  7802 | D:9      | Reached XP level 10. HP: 88/91 MP: 9/9
  8347 | D:9      | Received a gift from Trog
  8351 | D:9      | Reached skill level 10 in Fighting
  8468 | D:10     | Entered Level 10 of the Dungeon
  8468 | D:10     | Found a blossoming altar of Fedhas.
  8579 | D:10     | Noticed Grum
  8607 | D:10     | Killed Grum
  8607 | D:10     | Reached skill level 1 in Staves
  9118 | D:10     | Noticed Sonja
  9148 | D:10     | Killed Sonja
  9606 | D:10     | Reached XP level 11. HP: 95/101 MP: 3/10
  9655 | D:10     | Reached skill level 11 in Fighting
  9810 | D:10     | Noticed Maurice
  9811 | D:10     | Paralysed by Maurice for 6 turns
  9833 | D:10     | Paralysed by Maurice for 3 turns
  9839 | D:10     | Paralysed by Maurice for 3 turns
  9856 | D:10     | Killed Maurice
 10520 | D:11     | Noticed a four-headed hydra
 10527 | D:11     | HP: 5/102 [ten-headed hydra (4)]
 10528 | D:11     | Slain by a ten-headed hydra

Action                   |  1- 3 |  4- 6 |  7- 9 | 10-12 || total
-------------------------+-------+-------+-------+-------++-------
Melee: Mace              |    67 |   103 |     2 |       ||   172
       War axe           |       |       |   337 |    70 ||   407
       Lajatang          |       |       |       |   185 ||   185
  Use: Potion            |       |     3 |     1 |     5 ||     9
       Scroll            |       |       |       |     1 ||     1
  Eat: Chunk             |     1 |     2 |     5 |     6 ||    14
       Meat ration       |       |     1 |     1 |     1 ||     3
       Bread ration      |       |       |     1 |       ||     1
